 Dungeon Crawl Stone Soup version 0.14-a0-629-g748cab2 (webtiles) character file.

203 Malachi the Insei (level 3, -6/28 HPs)
             Began as a Draconian Transmuter on Nov 5, 2013.
             Killed from afar by Terence (8 damage)
             ... with a wand of magic darts
             ... on Level 3 of the Dungeon.
             The game lasted 00:03:59 (1985 turns).

Malachi the Ruffian (Draconian Transmuter)          Turns: 1985, Time: 00:04:00

HP  -6/28        AC  2     Str 12      XL: 3   Next: 92%
MP   1/4         EV 20     Int 14      God:
Gold 138         SH  0     Dex 16      Spells:  3 memorised,  0 levels left

Res.Fire  : . . .   See Invis. : .     - Unarmed
Res.Cold  : + . .   Warding    : .   (armour unavailable)
Life Prot.: . . .   Conserve   : .   (shield currently unavailable)
Res.Poison: x       Res.Corr.  : .   (helmet currently unavailable)
Res.Elec. : .       Clarity    : +   (cloak currently unavailable)
Sust.Abil.: . .     Spirit.Shd : .   i - melded +0 pair of gloves
Res.Mut.  : .       Stasis     : .   q - melded +2 pair of boots {run}
Res.Rott. : .       Flight     : .   f - cursed amulet of clarity {unknown}
Saprovore : . . .                    (no ring)
                                     m - ring of protection from cold {unknown}

@: spider-form (expiring), quick, not resistant to hostile enchantments,
unstealthy
A: unfitting armour, AC +5
a: End Transformation


You were on level 3 of the Dungeon.
You were hungry.
You were in spider-form.
You visited 1 branch of the dungeon, and saw 3 of its levels.

You collected 138 gold pieces.

Inventory:

Missiles
 b - 45 arrows
Armour
 i - a +0 pair of gloves (melded)
 q - a +2 pair of boots of running (melded)
Comestibles
 a - a bread ration
 j - an apple
 k - a meat ration
Scrolls
 h - 2 scrolls of blinking
Jewellery
 f - a cursed amulet of clarity (around neck) {unknown}
 m - a ring of protection from cold (left front leg) {unknown}
Potions
 c - a potion of curing {unknown}
 e - a potion of speed
 l - a potion of cure mutation {unknown}
 n - a potion of restore abilities {unknown}
 p - a potion of might {unknown}
Books
 d - a book of Changes

   Spells                             Type                      Level
   *Beastly Appendage                 Transmutation                1
   *Sticks to Snakes                  Transmutation                2
   *Spider Form                       Transmutation/Poison         3
   Ice Form                           Ice/Transmutation            4
   Blade Hands                        Transmutation                5


   Skills:
 + Level 1.5 Fighting
 + Level 2.4 Dodging
 * Level 4.2 Unarmed Combat
 - Level 2.0 Spellcasting
 + Level 2.1 Transmutations


You couldn't memorise any spells.
You knew the following spells:

 Your Spells              Type           Power        Failure   Level  Hunger
a - Beastly Appendage     Trmt           #.....       28%         1    ##.....
b - Sticks to Snakes      Trmt           #.........   36%         2    ###....
c - Spider Form           Trmt/Pois      #.........   69%         3    ####...


Dungeon Overview and Level Annotations

Branches:
Dungeon (3/27)

Altars:

Annotations:
D:3 Malachi's ghost, average DrTm; Terence


Message History

Your transformation is almost over.
Terence drinks a potion.
Terence seems to speed up.
You hit Terence.
Terence is moderately wounded.
Terence zaps a wand.
The magic dart hits you!
You hit Terence but do no damage.
Terence looks even sicker.
Terence is heavily wounded.
Terence misses you.
You hit Terence but do no damage.
Terence looks even sicker.
Terence is heavily wounded.
Terence shouts, "DIE!!!"
Terence zaps a wand.
The magic dart hits you!
Terence zaps a wand.
The magic dart hits you!
You hit Terence.
Terence looks even sicker.
Terence is severely wounded.
Terence zaps a wand.
The magic dart hits you!
* * * LOW HITPOINT WARNING * * *
You are too injured to fight recklessly!
Terence zaps a wand.
The magic dart hits you!
You die...

#............>#
#...#...<.....####
#...#............#
#...####...##....#
##### ######....#
#.#### #.# #.#
#######s#########
..........@.......
<.........###...#
#######...# #...#
#####


You could see Terence.

Vanquished Creatures
  An adder (D:2)
  A giant mite (D:1)
  A giant gecko (D:2)
  An ooze (D:3)
  An orc (D:3)
  5 bats
  3 giant cockroaches
  8 goblins
  3 hobgoblins
  4 jackals (D:2)
  2 giant newts (D:1)
  3 kobolds
  15 rats
48 creatures vanquished.

Notes
Turn   | Place    | Note
--------------------------------------------------------------
     0 | D:1      | Malachi, the Draconian Transmuter, began the quest for the Orb.
     0 | D:1      | Reached XP level 1. HP: 16/16 MP: 1/1
   275 | D:1      | Reached XP level 2. HP: 20/23 MP: 3/3
   823 | D:1      | Reached XP level 3. HP: 28/28 MP: 4/4
  1110 | D:2      | Reached skill level 4 in Unarmed Combat
  1517 | D:2      | Learned a level 2 spell: Sticks to Snakes
  1521 | D:2      | Learned a level 3 spell: Spider Form
  1609 | D:3      | Noticed Malachi's ghost (average DrTm)
  1767 | D:3      | Identified a +2 pair of boots of running (You found it on level 3 of the Dungeon)
  1973 | D:3      | Noticed Terence
  1985 | D:3      | Killed from afar by Terence

Action                   || total
-------------------------++-------
Melee: Unarmed           ||   138
 Cast: Beastly Appendage ||     7
       Spider Form       ||     1
  Use: Scroll            ||     9
